 Dungeon Crawl Stone Soup version 0.28.0-53-g5a82cb258f (webtiles) character file.

Game seed: 11149914071229172846

18 moldycheese5 the Grave Robber (level 2, -2/19 HPs)
             Began as a Demonspawn Necromancer on June 17, 2022.
             Slain by an adder (4 damage)
             ... on level 2 of the Dungeon.
             The game lasted 00:01:29 (1973 turns).

moldycheese5 the Grave Robber (DsNe)                Turns: 1973, Time: 00:01:30

Health: -2/19      AC:  4    Str:  8    XL:     2   Next: 51%
Magic:  2/5        EV: 12    Int: 16    God:
Gold:   50         SH:  0    Dex: 13    Spells: 4/5 levels left

rFire   . . .      SeeInvis .   (no weapon)
rCold   . . .      Faith    .   (no shield)
rNeg    . . .      Spirit   .   a - +0 robe
rPois   .          Reflect  .   (no helmet)
rElec   .          Harm     .   (no cloak)
rCorr   .          Rampage  .   (no gloves)
Will    .....                   (no boots)
Stlth   ++........              (no amulet)
HPRegen 0.06/turn               (no ring)
MPRegen 0.09/turn               (no ring)

@: flying, slowed, very slow
A: slimy green scales 1
a: no special abilities


You were on level 2 of the Dungeon.
You visited 1 branch of the dungeon, and saw 2 of its levels.

You collected 50 gold pieces.

Inventory:

Armour
 a - a +0 robe (worn)
Scrolls
 b - a scroll of identify {unknown}
Potions
 d - a potion of heal wounds {unknown}
 e - a potion of cancellation {unknown}


   Skills:
 + Level 1.8 Dodging
 + Level 1.7 Stealth
 + Level 2.3 Spellcasting
 + Level 4.9 Necromancy


You had 4 spell levels left.
You knew the following spells:

 Your Spells              Type           Power      Damage    Failure   Level
a - Pain                  Necr           68%        1d7       2%          1

Your spell library contained the following spells:

 Spells                   Type           Power      Damage    Failure   Level
 Animate Skeleton         Necr           34%        N/A       2%          1
 Vampiric Draining        Necr           17%        2d7       8%          3
 Animate Dead             Necr           8%         N/A       26%         4
 Agony                    Necr           17%        N/A       58%         5


Dungeon Overview and Level Annotations

Branches:
Dungeon (2/15)

Altars:

Annotations:
D:2 Natasha


Innate Abilities, Weirdness & Mutations

You are partially covered in slimy green scales. (AC +2)


Message History

A hobgoblin comes into view.
A hobgoblin is nearby!
A hobgoblin is nearby!
Natasha, Servant of Life and Death comes into view.
Natasha hisses angrily.
You hear an angry hiss.
The hobgoblin shouts!
An adder comes into view.
Natasha struggles to resist.
A goblin comes into view. It is wielding a +0 dagger.
Natasha writhes in agony.
The goblin shouts!
Natasha claws you but does no damage.
Natasha writhes in agony.
Natasha casts a spell at you. The magic dart hits you!
Ouch! That really hurt!
The hobgoblin closely misses you.
You are too injured to fight recklessly!
You are too injured to fight recklessly!
You are too injured to fight recklessly!
You are too injured to fight recklessly!
Natasha casts a spell at you.
You feel yourself slow down. The adder bites you.
You are poisoned.
The adder poisons you!
* * * LOW HITPOINT WARNING * * *
You feel sick. The adder barely misses you.
You are too injured to fight recklessly!
You are too injured to fight recklessly!
You are too injured to fight recklessly!
You are too injured to fight recklessly!
It was a potion of flight.
You feel very buoyant.
You fly up into the air.
You feel sick. The adder misses you. The adder bites you but does no damage.
You feel sick.
You are no longer poisoned.
The adder bites you.
You die...

.........................>
..........................
##..######.##'##.#.#......
.... .#.##.##.#.#......
##..###.#.##.##.#.#..<...
..#...... #.##.##.#.#......
#......g###....##.#.#......
.......hgS.....##.#.#......
#.......##@....##.#.#......
#.......##.....##.#.#......
##.......#.....# #......
#.......##....# #......
#.......#####.# #######
#.......# .# .......
#.......# .# #......
+...... #......


You could see Natasha, an adder, a hobgoblin and a goblin.

Vanquished Creatures
  A dart slug (D:1)
  4 endoplasms
  A giant cockroach (D:2)
  A hobgoblin (D:1)
  A ball python (D:1)
  2 bats (D:1)
  2 frilled lizards
  2 kobolds (D:1)
  3 rats
17 creatures vanquished.

Vanquished Creatures (others)
  A plant (D:1)
1 creature vanquished.

Grand Total: 18 creatures vanquished

Notes
Turn   | Place    | Note
-------+----------+-------------------------------------------
     0 | D:1      | moldycheese5 the Demonspawn Necromancer began the quest for
                  | the Orb.
     0 | D:1      | Reached XP level 1. HP: 13/13 MP: 3/3
  1191 | D:1      | Gained mutation: You are partially covered in slimy green
                  | scales. (AC +2) [demonic ancestry]
  1191 | D:1      | Reached XP level 2. HP: 17/19 MP: 1/5
  1963 | D:2      | Noticed Natasha
  1973 | D:2      | Slain by an adder

Illustrated notes

Levels and vault maps discovered:
D:1:      ncdulo_wetmaze, layout_loops_ring, serial_forest,
          infiniplex_forest_lined_2, infiniplex_forest_corner_1,
          infiniplex_forest_lined_1, infiniplex_forest_3_way,
          infiniplex_forest_lined_room_2, infiniplex_forest_lined_room_
D:2:      layout_basic, uniq_natasha

Action                   || total
-------------------------++-------
Melee: Unarmed           ||     5
       Punch             ||     1
 Cast: Pain              ||    31
  Use: Potion            ||     1
Armor: Robe              ||     4
Dodge: Dodged            ||    15
